Workbook

Sheet Riepilogo
A1: Preventivo complessivo matrimonio
A4: Data del matrimonio ipotizzata | B4: =IF('Ipotesi e liste'!$B$6="","",'Ipotesi e liste'!$B$6)
A5: Persone previste | B5: =IF('Ipotesi e liste'!$B$3="","",'Ipotesi e liste'!$B$3)
A6: Totale base incluso | B6: =IF(SUMPRODUCT(--(Preventivo!$H$5:$H$154="Sì"),--ISNUMBER(Preventivo!$G$5:$G$154))=0,"",SUMIF(Preventivo!$H$5:$H$154,"Sì",Preventivo!$G$5:$G$154))
A7: Margine per imprevisti | B7: =IF(OR(B6="",'Ipotesi e liste'!$B$4=""),"",B6*'Ipotesi e liste'!$B$4)
A8: Preventivo complessivo stimato | B8: =IF(OR(B6="",B7=""),"",B6+B7)
A9: Budget obiettivo | B9: =IF('Ipotesi e liste'!$B$5="","",'Ipotesi e liste'!$B$5)
A10: Residuo positivo / superamento negativo | B10: =IF(OR(B8="",B9=""),"",B9-B8)
A11: Costo stimato per persona | B11: =IFERROR(IF(OR(B8="",B5=""),"",B8/B5),"")
A12: Voci avviate | B12: =COUNTIF(Preventivo!$K$5:$K$154,"<>")
A13: Voci complete | B13: =COUNTIF(Preventivo!$K$5:$K$154,"Completa")
A14: Completezza | B14: =IFERROR(IF(B12=0,"",B13/B12),"")
A15: Costi esclusi | B15: =IF(SUMPRODUCT(--(Preventivo!$H$5:$H$154="No"),--ISNUMBER(Preventivo!$G$5:$G$154))=0,"",SUMIF(Preventivo!$H$5:$H$154,"No",Preventivo!$G$5:$G$154))
A16: Esito operativo | B16: =IF(B12=0,"Inserire almeno una voce",IF(B13<B12,"Completare le voci incomplete",IF(SUMPRODUCT(--(Preventivo!$H$5:$H$154="Sì"),--ISNUMBER(Preventivo!$G$5:$G$154))=0,"Selezionare almeno una voce inclusa",IF(OR('Ipotesi e liste'!$B$3="",'Ipotesi e liste'!$B$4="",'Ipotesi e liste'!$B$5=""),"Completare le ipotesi",IF(B10<0,"Preventivo oltre il budget","Preventivo entro il budget")))))
A19: Categoria | B19: Totale incluso | C19: Incidenza sul totale base
A20: =IF('Ipotesi e liste'!D2="","",'Ipotesi e liste'!D2) | B20: =IF($A20="","",SUMIFS(Preventivo!$G$5:$G$154,Preventivo!$B$5:$B$154,$A20,Preventivo!$H$5:$H$154,"Sì")) | C20: =IFERROR(IF($B$6="","",B20/$B$6),"")
A21: =IF('Ipotesi e liste'!D3="","",'Ipotesi e liste'!D3) | B21: =IF($A21="","",SUMIFS(Preventivo!$G$5:$G$154,Preventivo!$B$5:$B$154,$A21,Preventivo!$H$5:$H$154,"Sì")) | C21: =IFERROR(IF($B$6="","",B21/$B$6),"")
A22: =IF('Ipotesi e liste'!D4="","",'Ipotesi e liste'!D4) | B22: =IF($A22="","",SUMIFS(Preventivo!$G$5:$G$154,Preventivo!$B$5:$B$154,$A22,Preventivo!$H$5:$H$154,"Sì")) | C22: =IFERROR(IF($B$6="","",B22/$B$6),"")
A23: =IF('Ipotesi e liste'!D5="","",'Ipotesi e liste'!D5) | B23: =IF($A23="","",SUMIFS(Preventivo!$G$5:$G$154,Preventivo!$B$5:$B$154,$A23,Preventivo!$H$5:$H$154,"Sì")) | C23: =IFERROR(IF($B$6="","",B23/$B$6),"")
A24: =IF('Ipotesi e liste'!D6="","",'Ipotesi e liste'!D6) | B24: =IF($A24="","",SUMIFS(Preventivo!$G$5:$G$154,Preventivo!$B$5:$B$154,$A24,Preventivo!$H$5:$H$154,"Sì")) | C24: =IFERROR(IF($B$6="","",B24/$B$6),"")
A25: =IF('Ipotesi e liste'!D7="","",'Ipotesi e liste'!D7) | B25: =IF($A25="","",SUMIFS(Preventivo!$G$5:$G$154,Preventivo!$B$5:$B$154,$A25,Preventivo!$H$5:$H$154,"Sì")) | C25: =IFERROR(IF($B$6="","",B25/$B$6),"")
A26: =IF('Ipotesi e liste'!D8="","",'Ipotesi e liste'!D8) | B26: =IF($A26="","",SUMIFS(Preventivo!$G$5:$G$154,Preventivo!$B$5:$B$154,$A26,Preventivo!$H$5:$H$154,"Sì")) | C26: =IFERROR(IF($B$6="","",B26/$B$6),"")
A27: =IF('Ipotesi e liste'!D9="","",'Ipotesi e liste'!D9) | B27: =IF($A27="","",SUMIFS(Preventivo!$G$5:$G$154,Preventivo!$B$5:$B$154,$A27,Preventivo!$H$5:$H$154,"Sì")) | C27: =IFERROR(IF($B$6="","",B27/$B$6),"")
A28: =IF('Ipotesi e liste'!D10="","",'Ipotesi e liste'!D10) | B28: =IF($A28="","",SUMIFS(Preventivo!$G$5:$G$154,Preventivo!$B$5:$B$154,$A28,Preventivo!$H$5:$H$154,"Sì")) | C28: =IFERROR(IF($B$6="","",B28/$B$6),"")
A29: =IF('Ipotesi e liste'!D11="","",'Ipotesi e liste'!D11) | B29: =IF($A29="","",SUMIFS(Preventivo!$G$5:$G$154,Preventivo!$B$5:$B$154,$A29,Preventivo!$H$5:$H$154,"Sì")) | C29: =IFERROR(IF($B$6="","",B29/$B$6),"")
A30: =IF('Ipotesi e liste'!D12="","",'Ipotesi e liste'!D12) | B30: =IF($A30="","",SUMIFS(Preventivo!$G$5:$G$154,Preventivo!$B$5:$B$154,$A30,Preventivo!$H$5:$H$154,"Sì")) | C30: =IFERROR(IF($B$6="","",B30/$B$6),"")
A31: =IF('Ipotesi e liste'!D13="","",'Ipotesi e liste'!D13) | B31: =IF($A31="","",SUMIFS(Preventivo!$G$5:$G$154,Preventivo!$B$5:$B$154,$A31,Preventivo!$H$5:$H$154,"Sì")) | C31: =IFERROR(IF($B$6="","",B31/$B$6),"")

Sheet Preventivo
A1: Preventivo complessivo matrimonio
A2: Le prime 10 righe contengono dati di esempio interamente fittizi e possono essere sostituite.
A4: Codice | B4: Categoria | C4: Voce di costo | D4: Quantità prevista | E4: Unità di misura | F4: Prezzo unitario previsto | G4: Costo previsto | H4: Inclusa nel preventivo? | I4: Priorità | J4: Note | K4: Controllo riga
A5: =IF(COUNTA(B5:F5,H5:J5)=0,"",ROW()-4) | B5: Location e spazi | C5: Spazio ricevimento — esempio fittizio | D5: 1 | E5: voce | F5: 6200 | G5: =IF(OR(B5="",C5="",NOT(ISNUMBER(D5)),D5<=0,E5="",NOT(ISNUMBER(F5)),F5<0),"",D5*F5) | H5: Sì | I5: Essenziale | J5: Dato dimostrativo, nessun fornitore reale | K5: =IF(COUNTA(B5:F5,H5:J5)=0,"",IF(OR(B5="",C5="",NOT(ISNUMBER(D5)),D5<=0,E5="",NOT(ISNUMBER(F5)),F5<0,H5="",I5=""),"Da completare","Completa"))
A6: =IF(COUNTA(B6:F6,H6:J6)=0,"",ROW()-4) | B6: Ristorazione | C6: Menù adulti — esempio fittizio | D6: 90 | E6: persone | F6: 110 | G6: =IF(OR(B6="",C6="",NOT(ISNUMBER(D6)),D6<=0,E6="",NOT(ISNUMBER(F6)),F6<0),"",D6*F6) | H6: Sì | I6: Essenziale | J6: Quantità e prezzo interamente fittizi | K6: =IF(COUNTA(B6:F6,H6:J6)=0,"",IF(OR(B6="",C6="",NOT(ISNUMBER(D6)),D6<=0,E6="",NOT(ISNUMBER(F6)),F6<0,H6="",I6=""),"Da completare","Completa"))
A7: =IF(COUNTA(B7:F7,H7:J7)=0,"",ROW()-4) | B7: Ristorazione | C7: Menù bambini — esempio fittizio | D7: 10 | E7: persone | F7: 45 | G7: =IF(OR(B7="",C7="",NOT(ISNUMBER(D7)),D7<=0,E7="",NOT(ISNUMBER(F7)),F7<0),"",D7*F7) | H7: Sì | I7: Essenziale | J7: Quantità e prezzo interamente fittizi | K7: =IF(COUNTA(B7:F7,H7:J7)=0,"",IF(OR(B7="",C7="",NOT(ISNUMBER(D7)),D7<=0,E7="",NOT(ISNUMBER(F7)),F7<0,H7="",I7=""),"Da completare","Completa"))
A8: =IF(COUNTA(B8:F8,H8:J8)=0,"",ROW()-4) | B8: Cerimonia | C8: Allestimento cerimonia — esempio fittizio | D8: 1 | E8: voce | F8: 900 | G8: =IF(OR(B8="",C8="",NOT(ISNUMBER(D8)),D8<=0,E8="",NOT(ISNUMBER(F8)),F8<0),"",D8*F8) | H8: Sì | I8: Importante | J8: Dato dimostrativo | K8: =IF(COUNTA(B8:F8,H8:J8)=0,"",IF(OR(B8="",C8="",NOT(ISNUMBER(D8)),D8<=0,E8="",NOT(ISNUMBER(F8)),F8<0,H8="",I8=""),"Da completare","Completa"))
A9: =IF(COUNTA(B9:F9,H9:J9)=0,"",ROW()-4) | B9: Abbigliamento | C9: Abiti e accessori — esempio fittizio | D9: 1 | E9: voce | F9: 3200 | G9: =IF(OR(B9="",C9="",NOT(ISNUMBER(D9)),D9<=0,E9="",NOT(ISNUMBER(F9)),F9<0),"",D9*F9) | H9: Sì | I9: Essenziale | J9: Dato dimostrativo | K9: =IF(COUNTA(B9:F9,H9:J9)=0,"",IF(OR(B9="",C9="",NOT(ISNUMBER(D9)),D9<=0,E9="",NOT(ISNUMBER(F9)),F9<0,H9="",I9=""),"Da completare","Completa"))
A10: =IF(COUNTA(B10:F10,H10:J10)=0,"",ROW()-4) | B10: Foto e video | C10: Servizio fotografico — esempio fittizio | D10: 10 | E10: ore | F10: 180 | G10: =IF(OR(B10="",C10="",NOT(ISNUMBER(D10)),D10<=0,E10="",NOT(ISNUMBER(F10)),F10<0),"",D10*F10) | H10: Sì | I10: Importante | J10: Nessun professionista reale | K10: =IF(COUNTA(B10:F10,H10:J10)=0,"",IF(OR(B10="",C10="",NOT(ISNUMBER(D10)),D10<=0,E10="",NOT(ISNUMBER(F10)),F10<0,H10="",I10=""),"Da completare","Completa"))
A11: =IF(COUNTA(B11:F11,H11:J11)=0,"",ROW()-4) | B11: Musica e intrattenimento | C11: Intrattenimento musicale — esempio fittizio | D11: 6 | E11: ore | F11: 160 | G11: =IF(OR(B11="",C11="",NOT(ISNUMBER(D11)),D11<=0,E11="",NOT(ISNUMBER(F11)),F11<0),"",D11*F11) | H11: Sì | I11: Importante | J11: Nessun professionista reale | K11: =IF(COUNTA(B11:F11,H11:J11)=0,"",IF(OR(B11="",C11="",NOT(ISNUMBER(D11)),D11<=0,E11="",NOT(ISNUMBER(F11)),F11<0,H11="",I11=""),"Da completare","Completa"))
A12: =IF(COUNTA(B12:F12,H12:J12)=0,"",ROW()-4) | B12: Trasporti | C12: Navetta per gli ospiti — esempio fittizio | D12: 120 | E12: km | F12: 3.5 | G12: =IF(OR(B12="",C12="",NOT(ISNUMBER(D12)),D12<=0,E12="",NOT(ISNUMBER(F12)),F12<0),"",D12*F12) | H12: Sì | I12: Importante | J12: Percorrenza puramente dimostrativa | K12: =IF(COUNTA(B12:F12,H12:J12)=0,"",IF(OR(B12="",C12="",NOT(ISNUMBER(D12)),D12<=0,E12="",NOT(ISNUMBER(F12)),F12<0,H12="",I12=""),"Da completare","Completa"))
A13: =IF(COUNTA(B13:F13,H13:J13)=0,"",ROW()-4) | B13: Fiori e allestimenti | C13: Decorazioni per i tavoli — esempio fittizio | D13: 10 | E13: unità | F13: 85 | G13: =IF(OR(B13="",C13="",NOT(ISNUMBER(D13)),D13<=0,E13="",NOT(ISNUMBER(F13)),F13<0),"",D13*F13) | H13: Sì | I13: Importante | J13: Dato dimostrativo | K13: =IF(COUNTA(B13:F13,H13:J13)=0,"",IF(OR(B13="",C13="",NOT(ISNUMBER(D13)),D13<=0,E13="",NOT(ISNUMBER(F13)),F13<0,H13="",I13=""),"Da completare","Completa"))
A14: =IF(COUNTA(B14:F14,H14:J14)=0,"",ROW()-4) | B14: Partecipazioni e cancelleria | C14: Partecipazioni — esempio fittizio | D14: 60 | E14: unità | F14: 4.5 | G14: =IF(OR(B14="",C14="",NOT(ISNUMBER(D14)),D14<=0,E14="",NOT(ISNUMBER(F14)),F14<0),"",D14*F14) | H14: No | I14: Opzionale | J14: Voce esclusa a scopo dimostrativo | K14: =IF(COUNTA(B14:F14,H14:J14)=0,"",IF(OR(B14="",C14="",NOT(ISNUMBER(D14)),D14<=0,E14="",NOT(ISNUMBER(F14)),F14<0,H14="",I14=""),"Da completare","Completa"))
A15: =IF(COUNTA(B15:F15,H15:J15)=0,"",ROW()-4) | G15: =IF(OR(B15="",C15="",NOT(ISNUMBER(D15)),D15<=0,E15="",NOT(ISNUMBER(F15)),F15<0),"",D15*F15) | K15: =IF(COUNTA(B15:F15,H15:J15)=0,"",IF(OR(B15="",C15="",NOT(ISNUMBER(D15)),D15<=0,E15="",NOT(ISNUMBER(F15)),F15<0,H15="",I15=""),"Da completare","Completa"))
A16: =IF(COUNTA(B16:F16,H16:J16)=0,"",ROW()-4) | G16: =IF(OR(B16="",C16="",NOT(ISNUMBER(D16)),D16<=0,E16="",NOT(ISNUMBER(F16)),F16<0),"",D16*F16) | K16: =IF(COUNTA(B16:F16,H16:J16)=0,"",IF(OR(B16="",C16="",NOT(ISNUMBER(D16)),D16<=0,E16="",NOT(ISNUMBER(F16)),F16<0,H16="",I16=""),"Da completare","Completa"))
A17: =IF(COUNTA(B17:F17,H17:J17)=0,"",ROW()-4) | G17: =IF(OR(B17="",C17="",NOT(ISNUMBER(D17)),D17<=0,E17="",NOT(ISNUMBER(F17)),F17<0),"",D17*F17) | K17: =IF(COUNTA(B17:F17,H17:J17)=0,"",IF(OR(B17="",C17="",NOT(ISNUMBER(D17)),D17<=0,E17="",NOT(ISNUMBER(F17)),F17<0,H17="",I17=""),"Da completare","Completa"))
A18: =IF(COUNTA(B18:F18,H18:J18)=0,"",ROW()-4) | G18: =IF(OR(B18="",C18="",NOT(ISNUMBER(D18)),D18<=0,E18="",NOT(ISNUMBER(F18)),F18<0),"",D18*F18) | K18: =IF(COUNTA(B18:F18,H18:J18)=0,"",IF(OR(B18="",C18="",NOT(ISNUMBER(D18)),D18<=0,E18="",NOT(ISNUMBER(F18)),F18<0,H18="",I18=""),"Da completare","Completa"))
A19: =IF(COUNTA(B19:F19,H19:J19)=0,"",ROW()-4) | G19: =IF(OR(B19="",C19="",NOT(ISNUMBER(D19)),D19<=0,E19="",NOT(ISNUMBER(F19)),F19<0),"",D19*F19) | K19: =IF(COUNTA(B19:F19,H19:J19)=0,"",IF(OR(B19="",C19="",NOT(ISNUMBER(D19)),D19<=0,E19="",NOT(ISNUMBER(F19)),F19<0,H19="",I19=""),"Da completare","Completa"))
A20: =IF(COUNTA(B20:F20,H20:J20)=0,"",ROW()-4) | G20: =IF(OR(B20="",C20="",NOT(ISNUMBER(D20)),D20<=0,E20="",NOT(ISNUMBER(F20)),F20<0),"",D20*F20) | K20: =IF(COUNTA(B20:F20,H20:J20)=0,"",IF(OR(B20="",C20="",NOT(ISNUMBER(D20)),D20<=0,E20="",NOT(ISNUMBER(F20)),F20<0,H20="",I20=""),"Da completare","Completa"))
A21: =IF(COUNTA(B21:F21,H21:J21)=0,"",ROW()-4) | G21: =IF(OR(B21="",C21="",NOT(ISNUMBER(D21)),D21<=0,E21="",NOT(ISNUMBER(F21)),F21<0),"",D21*F21) | K21: =IF(COUNTA(B21:F21,H21:J21)=0,"",IF(OR(B21="",C21="",NOT(ISNUMBER(D21)),D21<=0,E21="",NOT(ISNUMBER(F21)),F21<0,H21="",I21=""),"Da completare","Completa"))
A22: =IF(COUNTA(B22:F22,H22:J22)=0,"",ROW()-4) | G22: =IF(OR(B22="",C22="",NOT(ISNUMBER(D22)),D22<=0,E22="",NOT(ISNUMBER(F22)),F22<0),"",D22*F22) | K22: =IF(COUNTA(B22:F22,H22:J22)=0,"",IF(OR(B22="",C22="",NOT(ISNUMBER(D22)),D22<=0,E22="",NOT(ISNUMBER(F22)),F22<0,H22="",I22=""),"Da completare","Completa"))
A23: =IF(COUNTA(B23:F23,H23:J23)=0,"",ROW()-4) | G23: =IF(OR(B23="",C23="",NOT(ISNUMBER(D23)),D23<=0,E23="",NOT(ISNUMBER(F23)),F23<0),"",D23*F23) | K23: =IF(COUNTA(B23:F23,H23:J23)=0,"",IF(OR(B23="",C23="",NOT(ISNUMBER(D23)),D23<=0,E23="",NOT(ISNUMBER(F23)),F23<0,H23="",I23=""),"Da completare","Completa"))
A24: =IF(COUNTA(B24:F24,H24:J24)=0,"",ROW()-4) | G24: =IF(OR(B24="",C24="",NOT(ISNUMBER(D24)),D24<=0,E24="",NOT(ISNUMBER(F24)),F24<0),"",D24*F24) | K24: =IF(COUNTA(B24:F24,H24:J24)=0,"",IF(OR(B24="",C24="",NOT(ISNUMBER(D24)),D24<=0,E24="",NOT(ISNUMBER(F24)),F24<0,H24="",I24=""),"Da completare","Completa"))
A25: =IF(COUNTA(B25:F25,H25:J25)=0,"",ROW()-4) | G25: =IF(OR(B25="",C25="",NOT(ISNUMBER(D25)),D25<=0,E25="",NOT(ISNUMBER(F25)),F25<0),"",D25*F25) | K25: =IF(COUNTA(B25:F25,H25:J25)=0,"",IF(OR(B25="",C25="",NOT(ISNUMBER(D25)),D25<=0,E25="",NOT(ISNUMBER(F25)),F25<0,H25="",I25=""),"Da completare","Completa"))
A26: =IF(COUNTA(B26:F26,H26:J26)=0,"",ROW()-4) | G26: =IF(OR(B26="",C26="",NOT(ISNUMBER(D26)),D26<=0,E26="",NOT(ISNUMBER(F26)),F26<0),"",D26*F26) | K26: =IF(COUNTA(B26:F26,H26:J26)=0,"",IF(OR(B26="",C26="",NOT(ISNUMBER(D26)),D26<=0,E26="",NOT(ISNUMBER(F26)),F26<0,H26="",I26=""),"Da completare","Completa"))
... A154: =IF(COUNTA(B154:F154,H154:J154)=0,"",ROW()-4) | G154: =IF(OR(B154="",C154="",NOT(ISNUMBER(D154)),D154<=0,E154="",NOT(ISNUMBER(F154)),F154<0),"",D154*F154) | K154: =IF(COUNTA(B154:F154,H154:J154)=0,"",IF(OR(B154="",C154="",NOT(ISNUMBER(D154)),D154<=0,E154="",NOT(ISNUMBER(F154)),F154<0,H154="",I154=""),"Da completare","Completa"))

Sheet Ipotesi e liste
A1: Ipotesi generali | D1: Categorie | E1: Unità di misura | F1: Inclusione | G1: Priorità
A2: Data di riferimento | B2: 46276 | D2: Cerimonia | E2: voce | F2: Sì | G2: Essenziale
A3: Persone previste | B3: 100 | D3: Location e spazi | E3: persone | F3: No | G3: Importante
A4: Margine per imprevisti | B4: 0.08 | D4: Ristorazione | E4: unità | G4: Opzionale
A5: Budget obiettivo | B5: 28000 | D5: Abbigliamento | E5: ore
A6: Data del matrimonio ipotizzata | B6: 46550 | D6: Foto e video | E6: km
A7: Criterio dei prezzi | B7: Prezzi previsti complessivi, IVA inclusa se applicabile | D7: Musica e intrattenimento
D8: Fiori e allestimenti
A9: Limite descrizione (caratteri) | B9: 100 | D9: Trasporti
A10: Limite note (caratteri) | B10: 250 | D10: Partecipazioni e cancelleria
D11: Bomboniere
D12: Torta e dolci
D13: Altro
